 Dungeon Crawl Stone Soup version 0.26.0-10-g1f06aea511 (webtiles) character file.

Game seed: 6185311900241302649

24 Borgoz the Skirmisher (level 3, -1/23 HPs)
             Began as a Gargoyle Berserker on Jan 31, 2021.
             Was a Follower of Trog.
             Slain by an orc wizard
             ... wielding a +0 dagger
              (4 damage)
             ... on level 2 of the Dungeon.
             The game lasted 00:01:12 (984 turns).

Borgoz the Skirmisher (Gargoyle Berserker)           Turns: 984, Time: 00:01:13

Health: -1/23      AC:  5    Str: 20    XL:     3   Next: 2%
Magic:  3/3        EV: 12    Int:  7    God:    Trog [*.....]
Gold:   55         SH:  0    Dex: 10    Spells: 2/2 levels left

rFire    . . .     SeeInvis .   a - +0 mace
rCold    . . .     Faith    .   (no shield)
rNeg     + . .     Spirit   .   b - +0 animal skin
rPois    ∞         Reflect  .   (no helmet)
rElec    +         Harm     .   (no cloak)
rCorr    .         Rampage  .   (no gloves)
Will     .....                  (no boots)
Stlth    +.........             (no amulet)
HPRegen  0.07/turn              (no ring)
MPRegen  0.08/turn              (no ring)

@: no status effects
A: negative energy resistance 1, electricity resistance, unbreathing,
petrification resistance, miasma immunity, AC +3
a: Renounce Religion, Berserk


You were on level 2 of the Dungeon.
You worshipped Trog.
Trog was aware of your devotion.
You visited 1 branch of the dungeon, and saw 2 of its levels.

You collected 55 gold pieces.

Inventory:

Hand Weapons
 a - a +0 mace (weapon)
Armour
 b - a +0 animal skin (worn)
Scrolls
 c - a scroll of fear {unknown}
 e - a scroll of remove curse {unknown}
 f - a scroll of identify {unknown}
 g - a scroll of amnesia {unknown}


   Skills:
 + Level 3.5 Fighting
 * Level 3.4 Maces & Flails
 + Level 2.5 Armour
 + Level 1.9 Dodging


You had 2 spell levels left.
You didn't know any spells.
Your spell library was empty.

Dungeon Overview and Level Annotations

Branches:
Dungeon (2/15)

Altars:


Innate Abilities, Weirdness & Mutations

You are resistant to torment.
Your stone body is resilient. (AC +3)
You are immune to poison.
You resist negative energy. (rN+)
You are resistant to electric shocks. (rElec)
You can survive without breathing.
You are immune to petrification.
You are immune to miasma.


Message History

The magic dart hits you.
The orc wizard hits you but does no damage.
The kobold barely misses you. The orc priest misses you.
The orc barely misses you.
You closely miss the orc priest.
The orc priest is severely wounded.
The orc wizard hits you with a +0 dagger.
The orc wizard barely misses you. The kobold barely misses you.
The orc priest calls down the wrath of Beogh upon you.
Pain shoots through your body!
* * * LOW HITPOINT WARNING * * *
The orc barely misses you.
You barely miss the orc priest.
The orc priest is severely wounded.
The orc wizard misses you. x2; The kobold barely misses you.
The orc priest barely misses you. The orc misses you.
The orc wizard hits you with a +0 dagger.
* * * LOW HITPOINT WARNING * * *
The orc wizard hits you with a +0 dagger.
You die...

.########<.......
..................
...#....####.....#
#......####...#.#
#......#.. .....
#......#.# ...#.
#.#....#.##...#.#.
#.#......(oo......
#.........@o......
...........Ko......
##...$.....#.......
#######...#.#.#.##
##..#.....#
#..#...#.#
...........
.##$#.......


You could see an orc priest, 2 orc wizards, an orc and a kobold.

Vanquished Creatures
  An ooze (D:1)
  A dart slug (D:1)
  2 giant cockroaches (D:1)
  3 goblins (D:1)
  A ball python (D:1)
  2 bats (D:1)
  A frilled lizard (D:1)
  5 kobolds (D:1)
  A rat (D:1)
17 creatures vanquished.

Notes
Turn   | Place    | Note
-------+----------+-------------------------------------------
     0 | D:1      | Borgoz the Gargoyle Berserker began the quest for the Orb.
     0 | D:1      | Reached XP level 1. HP: 14/14 MP: 1/1
    35 | D:1      | Reached XP level 2. HP: 15/19 MP: 2/2
   949 | D:1      | Reached XP level 3. HP: 22/23 MP: 3/3
   984 | D:2      | Slain by an orc wizard

Illustrated notes

Levels and vault maps discovered:
D:1:      dpeg_arrival_arbitrary_c, layout_basic
D:2:      layout_basic, yredelemnul_altar_generic, marbit_many_paths,
          chequers_arboretum, uniq_sigmund

Action                   || total
-------------------------++-------
Melee: Mace              ||    54
  Use: Potion            ||     1
Armor: Animal skin       ||    25
Dodge: Dodged            ||    43
